 Dungeon Crawl Stone Soup version 0.29.1-1-gd02db6906a (webtiles) character file.

Game seed: 887527402230457176

58241 jonaskbp the Eclecticist (level 15, -7/85 HPs)
             Began as a Djinni Summoner on Oct 7, 2022.
             Was a High Priest of Ru.
             Mangled by a meliai
             ... wielding a +0 hand axe
              (9 damage)
             ... on level 2 of the Spider Nest on Oct 8, 2022.
             The game lasted 01:50:15 (21203 turns).

jonaskbp the Eclecticist (Djinni Summoner)         Turns: 21203, Time: 01:50:16

Health: -7/85      AC:  6    Str: 12    XL:     15   Next: 29%
Gold:   1122       EV:  7    Int: 31    God:    Ru [*****.] SH:  0 Dex: 14

rFire   + . .      SeeInvis .   V - +5 great sword (vamp)
rCold   x . .      Faith    .   (shield currently unavailable)
rNeg    . . .      Spirit   .   R - +2 troll leather armour
rPois   ∞          Reflect  .   u - +1 hat
rElec   .          Harm     .   T - +1 cloak
rCorr   .          Rampage  .   (no gloves)
Will    +....                   (boots unavailable)
Stlth   ..........              f - amulet of Seitz {rPois rC+ Regen+}
HPRegen 1.84/turn               E - ring "Nuci" {rC- AC+4 Str+5 Int+7}
MPRegen 0.00/turn               w - ring of protection from cold

@: exhausted, corroded, flying, held, slowed, very slow
A: sickness immunity, fire resistance 2, cold vulnerability 1, no stealth,
inability to use devices, temperature sensitive, float, innate caster, HP
casting, extra vitality 1
a: Renounce Religion, Draw Out Power, Power Leap, Apocalypse


You were on level 2 of the Spider Nest.
You worshipped Ru.
Ru was extremely pleased with you.
You visited 3 branches of the dungeon, and saw 17 of its levels.

You collected 1122 gold pieces.

Inventory:

Hand Weapons
 b - a +0 club
 l - a +0 vorpal hand axe
 q - a +2 mace of protection
 N - a +4 short sword
 V - a +5 vampiric great sword (weapon)
 W - a +2 vampiric demon trident
 X - the +7 sling of Plog {freeze, Will+ Dex+6 SInv}
   (You found it on level 1 of the Spider Nest)

   Any ammunition fired from it freezes those it strikes, dealing additional
   cold damage.
   It can also slow down cold-blooded creatures.
   Dex:       It affects your dexterity (+6).
   SInv:      It lets you see invisible.
   Will:      It increases your willpower.
Missiles
 s - 137 stones
Armour
 u - a +1 hat (worn)
 A - a +0 helmet
 H - the +4 chain mail of Dishonesty {rF+}
   (You found it on level 11 of the Dungeon)

   rF:        It protects you from fire.
 R - a +2 troll leather armour (worn)
 T - a +1 cloak (worn)
Jewellery
 d - an amulet of faith
 f - the amulet of Seitz (around neck) {rPois rC+ Regen+}
   (You acquired it on level 2 of the Lair of Beasts)

   [amulet of regeneration]

   rC:        It protects you from cold.
   rPois:     It protects you from poison.
   Regen:     It increases your rate of health regeneration.
 g - a ring of positive energy
 r - a +4 ring of slaying
 w - a ring of protection from cold (right hand)
 x - a ring of resist corrosion
 z - a +4 ring of evasion
 E - the ring "Nuci" (left hand) {rC- AC+4 Str+5 Int+7}
   (You found it on level 7 of the Dungeon)

   [ring of protection]

   AC:        It affects your AC (+4).
   Str:       It affects your strength (+5).
   Int:       It affects your intelligence (+7).
   rC:        It makes you vulnerable to cold.
 K - an amulet of reflection
 Q - a ring of willpower
Wands
 t - a wand of digging (5)
 B - a wand of mindburst (23)
 D - a wand of iceblast (25)
Scrolls
 c - 8 scrolls of teleportation
 o - 3 scrolls of noise
 p - a scroll of immolation
 v - a scroll of silence
 y - a scroll of enchant weapon
 G - 3 scrolls of identify
 J - 2 scrolls of magic mapping
 M - a scroll of butterflies
 O - 2 scrolls of fear
 Z - a scroll of poison
Potions
 a - a potion of cancellation
 e - 3 potions of degeneration
 h - 4 potions of might
 i - 4 potions of curing
 k - 2 potions of invisibility
 m - 5 potions of attraction
 n - a potion of ambrosia
 C - 2 potions of magic
 F - a potion of mutation
 I - 2 potions of lignification
 L - 2 potions of berserk rage
 S - a potion of haste
 U - 3 potions of brilliance
Miscellaneous
 P - a phantom mirror


   Skills:
 - Level 1.1(1.3) Short Blades
 + Level 1.1(1.4) Long Blades
 + Level 7.2 Armour
 + Level 6.3 Dodging
 + Level 2.9 Shields
 + Level 18.4 Spellcasting


You had 14 spell levels left.
You knew the following spells:

 Your Spells              Type           Power      Damage    Failure   Level
a - Summon Small Mammal   Summ           100%       N/A       0%          1
b - Call Imp              Summ           97%        N/A       0%          2
c - Call Canine Familiar  Summ           97%        N/A       0%          3
d - Summon Guardian Gole  Hex/Summ       97%        N/A       0%          3
e - Summon Lightning Spi  Summ/Air       97%        N/A       0%          4
f - Magic Dart            Conj           100%       1d8       0%          1
g - Blink                 Tloc           100%       N/A       0%          2
h - Ensorcelled Hibernat  Hex/Ice        100%       N/A       0%          2
i - Stone Arrow           Conj/Erth      100%       3d13      0%          3
j - Hailstorm             Conj/Ice       97%        3d19      0%          4
k - Irradiate             Conj/Tmut      48%        3d27      1%          5
l - Simulacrum            Ice/Necr       48%        N/A       1%          6
Your spell library was empty.

Dungeon Overview and Level Annotations

Branches:
Dungeon (13/15)            Temple (0/1) D:6            Lair (2/5) D:8
 Spider (2/4) Lair:2          Orc (0/2) D:12         Vaults (0/5) D:13
  Swamp: Lair:2-3    Shoals: Lair:2-3

Altars:
Ashenzari
Dithmenos
Gozag
Hepliaklqana
Okawaru
Ru
Trog

Shops:
D:3 [

Annotations:
D:13 3 runed translucent doors, PanSaczeczos's ghost, journeyman SpWr
Lair:2 1 exclusion
Spider:2 Arachne


Innate Abilities, Weirdness & Mutations

You are immune to sickness and miasma.
You are immune to poison.
Your flesh is very heat resistant. (rF++)
You are vulnerable to cold. (rC-)
You cannot be stealthy.
You cannot study or use magical devices.
You are sensitive to extremes of temperature. (rF-, rC-)
You float through the air rather than walking.
You learn spells naturally, not from books.
Your magical power is your life essence.
You have superior vitality. (+4 MHP)


Message History

Your quokka closely misses Arachne.
The redback bites your emperor scorpion simulacrum!
Arachne casts a spell at you. The poison arrow hits you! You partially resist.
* * * LOW HITPOINT WARNING * * *
The meliai hits your emperor scorpion simulacrum with a +1 vampiric war axe!
The meliai stings your emperor scorpion simulacrum but does no damage.
You redirect the meliai's attack!
The demonic crawler begins to attack, but is stunned by your conviction!
Unknown command.
Unknown command.
You feel much better.
The meliai begins to pray, but is stunned by your conviction! x2
The redback bites your emperor scorpion simulacrum but does no damage.
The redback bites your emperor scorpion simulacrum.
You redirect Arachne's attack!
Arachne hits the wolf spider simulacrum with a staff of poison!
The wolf spider simulacrum vaporises!
Your quokka closely misses Arachne.
The meliai invokes the aid of its god against you.
Something smites you!
You focus your inner power and slow the meliai in retribution!
The meliai invokes the aid of its god against you.
Something smites you!
* * * LOW HITPOINT WARNING * * *
Your emperor scorpion simulacrum barely misses the redback.
Your emperor scorpion simulacrum claws the redback.
Your emperor scorpion simulacrum freezes the redback!!
The redback dies!
A freezing mist starts to gather...
The redback bites your emperor scorpion simulacrum.
Arachne hits you with a staff of poison!
* * * LOW HITPOINT WARNING * * *
Your quokka bites Arachne.
The orb spider begins to attack, but is stunned by your conviction!
You redirect the meliai's attack!
The meliai hits your emperor scorpion simulacrum with a +1 vampiric war axe.
Your emperor scorpion simulacrum vaporises!
The meliai hits you with a +0 hand axe!
You die...

#### #.?... ##.....
#...... ##### #.....# #
##...## #.....< ###.##
##.....# ##.^...
......##...#..######.....
.^..w..#r.##5Z##.##......
#..H@5#.ZZ...........
..BsZ.Zy.##.^..........##
...s☼..s.###.°.#.....○.#
...y.y.s## #..###......#
$...†#### #### ##.^..##
....† ##....# .... ##..##
.... ####


You could see Arachne (soul bound, ally target, simulacrum), an entropy weaver
(soul bound), a torpor snail, a demonic crawler, an orb spider (soul bound,
charged), a tarantella (soul bound), a redback (soul bound, ally target), 3
meliai, a redback simulacrum, a steelbarb worm simulacrum, a friendly crimson
imp (summoned) and a friendly quokka (summoned).

Vanquished Creatures
  Josephine (D:12)
  A yaktaur captain (D:13)
  A boulder beetle (D:13)
  A centaur warrior (D:11)
  2 two-headed ogres
  Lodul (D:12)
  2 pharaoh ants (Spider:1)
  2 steelbarb worms
  An orb spider (Spider:1)
  A deep elf zephyrmancer (D:11)
  An orc sorcerer (D:11)
  A moth of wrath (Spider:1)
  3 wolf spiders
  3 elephants (Lair:2)
  An unseen horror (D:11)
  2 cane toads (Lair:1)
  2 demonic crawlers
  A kobold demonologist (D:9)
  4 komodo dragons
  2 yaktaurs
  2 trolls
  2 tarantellas (Spider:1)
  A hornet (D:8)
  3 blink frogs
  2 slime creatures
  A culicivora (Spider:1)
  A jumping spider (Spider:2)
  A shadow (D:12)
  A vampire (D:11)
  2 wyverns
  16 yaks
  2 vampire mosquitoes (D:11)
  A basilisk (Lair:2)
  11 redbacks
  Menkaure (D:7)
  An acid dragon (D:9)
  3 water moccasins
  An ice beast (D:7)
  4 orc warriors
  A black bear (Lair:1)
  A wolf (D:8)
  7 ogres
  7 centaurs
  2 phantoms
  2 kobold brigands
  3 bullfrogs
  4 scorpions
  4 wights (D:8)
  4 killer bees
  3 howler monkeys
  3 electric eels
  4 orc priests (D:12)
  5 orc wizards
  8 adders
  A white imp (D:5)
  An ufetubus (D:6)
  A worm (D:4)
  3 dart slugs
  12 orcs
  2 endoplasms
  A giant cockroach (D:1)
  5 goblins
  A hobgoblin (D:4)
  2 jackals (D:4)
  3 quokkas
  3 ball pythons
  3 bats
  3 rats
188 creatures vanquished.

Vanquished Creatures (collateral kills)
  Rupert (D:12)
  An emperor scorpion (Spider:2)
  A ghost moth (Spider:2)
  A boulder beetle (Spider:1)
  Erolcha (D:11)
  A hydra (Lair:1)
  A jorogumo (Spider:2)
  A radroach (Spider:2)
  3 two-headed ogres
  Urug (D:12)
  Sonja (Lair:1)
  A pharaoh ant (Spider:2)
  A steelbarb worm (Spider:2)
  A deep elf pyromancer (D:11)
  3 ugly things
  3 wolf spiders
  2 manticores (D:12)
  3 cyclopes
  An orc sorcerer (D:11)
  2 elephants (Lair:2)
  A black mamba (Lair:2)
  Maurice (D:10)
  6 cane toads
  3 gargoyles
  Psyche (D:12)
  A kobold demonologist (D:12)
  An efreet (D:11)
  5 komodo dragons
  2 tarantellas
  3 trolls
  2 slime creatures (D:12)
  6 blink frogs
  2 jumping spiders (Spider:1)
  2 culicivoras (Spider:2)
  A shadow (D:11)
  5 wraiths
  15 redbacks
  10 yaks
  2 basilisks (Lair:1)
  A vampire mosquito (D:11)
  A water moccasin (Lair:1)
  4 acid dragons
  2 orc warriors (D:12)
  A sky beast (D:6)
  3 ogres
  5 wolves
  2 centaurs
  2 lemures (D:7)
  A phantom (D:5)
  2 kobold brigands
  4 bullfrogs
  2 necrophages (D:5)
  2 gnoll sergeants (D:11)
  2 scorpions (Lair:2)
  A killer bee (D:8)
  3 electric eels
  2 howler monkeys
  A jelly (D:5)
  5 orc priests
  3 hounds
  2 iguanas
  7 orc wizards
  4 gnolls (D:11)
  5 adders
  An ufetubus (D:4)
  3 worms
  A dart slug (D:1)
  20 orcs
  A ball python (D:1)
  2 endoplasms (D:1)
  A giant cockroach (Lair:2)
  3 goblins
  4 hobgoblins (D:7)
  6 jackals
  19 kobolds
  3 quokkas
  2 bats (D:1)
  A frilled lizard (D:1)
  4 rats (D:1)
  A butterfly (Lair:1)
238 creatures vanquished.

Vanquished Creatures (others)
  A two-headed ogre (D:9)
  Pikel (D:7)
  Maggie (D:6)
  2 kobold demonologists (D:9)
  A yaktaur (D:13)
  A tarantella (Spider:1)
  2 yaks (D:9)
  A floating eye (shapeshifter) (D:11)
  A lemure (D:7)
  A kobold brigand (D:9)
  A killer bee (D:8)
  A kobold (D:9)
  17 fungi
  19 plants
50 creatures vanquished.

Grand Total: 476 creatures vanquished

Notes
Turn   | Place    | Note
-------+----------+-------------------------------------------
     0 | D:1      | jonaskbp the Djinni Summoner began the quest for the Orb.
     0 | D:1      | jonaskbp set off with the following spells memorised:
                  | Summon Small Mammal, Call Imp, Call Canine Familiar, Summon
                  | Guardian Golem, Summon Lightning Spire.
     0 | D:1      | Reached XP level 1. HP: 15/15 MP: 0/0
   355 | D:1      | Reached XP level 2. HP: 19/21 MP: 0/0
   786 | D:1      | Reached XP level 3. HP: 24/25 MP: 0/0
   786 | D:1      | Learned a level 1 spell: Magic Dart
  1253 | D:2      | Reached skill level 4 in Spellcasting
  1597 | D:2      | Reached XP level 4. HP: 26/31 MP: 0/0
  2514 | D:3      | Reached XP level 5. HP: 22/35 MP: 0/0
  2514 | D:3      | Learned a level 2 spell: Blink
  2866 | D:3      | Reached skill level 5 in Spellcasting
  3131 | D:3      | Found Uriekkur's Armour Emporium.
  3469 | D:4      | Reached XP level 6. HP: 23/40 MP: 0/0
  3607 | D:4      | Identified the +0 ring mail of the Hidden Realms {rPois rF+
                  | rC- SInv}
  3641 | D:4      | Found a sacrificial altar of Ru.
  3644 | D:4      | Found a shadowy altar of Dithmenos.
  3649 | D:4      | Became a worshipper of Ru the Awakened
  4634 | D:4      | Reached skill level 6 in Spellcasting
  4634 | D:4      | Reached XP level 7. HP: 29/45 MP: 0/0
  4634 | D:4      | Learned a level 2 spell: Ensorcelled Hibernation
  4897 | D:5      | Entered Level 5 of the Dungeon
  5091 | D:5      | Found an iron altar of Okawaru.
  5096 | D:5      | Reached XP level 8. HP: 36/50 MP: 0/0
  5275 | D:5      | Found a broken altar of Ashenzari.
  5280 | D:5      | Gained mutation: You are sensitive to extremes of
                  | temperature. (rF-, rC-) [Ru sacrifice]
  5280 | D:5      | Reached * piety under Ru
  5280 | D:5      | Reached ** piety under Ru
  5304 | D:5      | Found a hazy altar of Hepliaklqana.
  5412 | D:5      | Reached skill level 7 in Spellcasting
  5816 | D:6      | Found a staircase to the Ecumenical Temple.
  6034 | D:6      | Noticed Maggie
  6042 | D:6      | Killed Maggie
  6043 | D:6      | Reached skill level 8 in Spellcasting
  6158 | D:6      | Reached XP level 9. HP: 51/55 MP: 0/0
  6158 | D:6      | Learned a level 3 spell: Stone Arrow
  7077 | D:7      | Found a bloodstained altar of Trog.
  7254 | D:7      | Noticed Pikel
  7267 | D:7      | Killed Pikel
  7268 | D:7      | Reached skill level 1 in Armour
  7268 | D:7      | Reached skill level 9 in Spellcasting
  7355 | D:7      | Identified the ring "Nuci" {rC- AC+4 Str+5 Int+7}
  7768 | D:7      | Found an opulent altar of Gozag.
  7796 | D:7      | Gained mutation: You cannot study or use magical devices.
                  | [Ru sacrifice]
  7796 | D:7      | Reached *** piety under Ru
  7796 | D:7      | Reached **** piety under Ru
  7796 | D:7      | Reached ***** piety under Ru
  8097 | D:7      | Noticed Menkaure
  8102 | D:7      | Killed Menkaure
  8103 | D:7      | Reached skill level 10 in Spellcasting
  8304 | D:7      | Reached XP level 10. HP: 48/60 MP: 0/0
  8852 | D:8      | Found a staircase to the Lair.
  9839 | D:8      | Noticed a two-headed ogre
  9861 | D:8      | Killed a two-headed ogre
  9862 | D:8      | Reached skill level 11 in Spellcasting
 10246 | D:8      | You are sucked into a shaft and drop 3 floors!
 10267 | D:10     | Entered Level 10 of the Dungeon
 10284 | D:10     | Noticed a two-headed ogre
 10295 | D:10     | Killed a two-headed ogre
 10642 | D:9      | Noticed a kobold demonologist
 10642 | D:9      | Noticed a kobold demonologist
 10644 | D:9      | Noticed a kobold demonologist
 10645 | D:9      | Noticed a sixfirhy
 10646 | D:9      | Noticed a rust devil
 10652 | D:9      | Killed a kobold demonologist
 10653 | D:9      | Reached XP level 11. HP: 46/65 MP: 0/0
 10653 | D:9      | Learned a level 4 spell: Hailstorm
 10657 | D:9      | Reached skill level 5 in Armour
 11029 | D:9      | Noticed a two-headed ogre
 11044 | D:9      | Killed a two-headed ogre
 11045 | D:9      | Reached skill level 1 in Shields
 11045 | D:9      | Reached skill level 12 in Spellcasting
 12159 | D:9      | Reached skill level 5 in Dodging
 12714 | D:9      | Reached skill level 13 in Spellcasting
 13239 | D:10     | Reached skill level 1 in Short Blades
 13239 | D:10     | Reached XP level 12. HP: 63/70 MP: 0/0
 13372 | D:10     | Noticed Maurice
 13378 | D:10     | Killed Maurice
 13609 | D:11     | Identified the +1 robe "Rara" {rF+}
 13820 | D:11     | Noticed a centaur warrior
 13827 | D:11     | Killed a centaur warrior
 13828 | D:11     | Reached skill level 14 in Spellcasting
 14005 | D:11     | Identified the +4 chain mail of Dishonesty {rF+}
 14928 | D:11     | Reached XP level 13. HP: 46/75 MP: 0/0
 14928 | D:11     | Learned a level 5 spell: Irradiate
 14972 | D:11     | Noticed Erolcha
 14984 | D:11     | Killed Erolcha
 15051 | D:11     | Reached skill level 15 in Spellcasting
 15950 | Lair:1   | Entered Level 1 of the Lair of Beasts
 16035 | Lair:1   | Noticed a six-headed hydra
 16044 | Lair:1   | Killed a six-headed hydra
 16298 | Lair:1   | Noticed Sonja
 16306 | Lair:1   | Killed Sonja
 16924 | Lair:2   | Found a hole to the Spider Nest.
 17155 | Lair:2   | Reached skill level 16 in Spellcasting
 17213 | Lair:2   | Identified a scroll of acquirement
 17213 | Lair:2   | Acquired the amulet of Seitz {rPois rC+ Regen+}
 17878 | D:8      | You are sucked into a shaft and drop 1 floor!
 18082 | D:12     | Reached XP level 14. HP: 77/80 MP: 0/0
 18366 | D:12     | Noticed Josephine
 18379 | D:12     | Killed Josephine
 18464 | D:12     | Noticed Rupert
 18476 | D:12     | Killed Rupert
 18477 | D:12     | Reached skill level 17 in Spellcasting
 18630 | D:12     | Found a staircase to the Orcish Mines.
 18669 | D:12     | Noticed Lodul
 18681 | D:12     | Killed Lodul
 18751 | D:12     | Noticed Urug
 18761 | D:12     | Killed Urug
 18899 | D:12     | Noticed Psyche
 18906 | D:12     | Killed Psyche
 18910 | D:12     | Gained mutation: You cannot be stealthy. [Ru sacrifice]
 19338 | D:13     | Found a gate to the Vaults.
 19382 | D:13     | Found a runed translucent gate.
 19382 | D:13     | Found a runed translucent gate.
 19382 | D:13     | Noticed an azure jelly
 19383 | D:13     | Found a runed translucent gate.
 19383 | D:13     | Noticed an azure jelly
 19383 | D:13     | Noticed PanSaczeczos's ghost (journeyman SpWr)
 19383 | D:13     | Noticed an acid blob
 19384 | D:13     | Noticed an acid blob
 19384 | D:13     | Noticed an acid blob
 19384 | D:13     | Noticed an azure jelly
 19402 | D:13     | Noticed an acid blob
 19402 | D:13     | Noticed an azure jelly
 19407 | D:13     | Noticed an acid blob
 19868 | Spider:1 | Entered Level 1 of the Spider Nest
 20061 | Spider:1 | Identified the +7 sling of Plog {freeze, Will+ Dex+6 SInv}
 21020 | Spider:2 | Reached skill level 18 in Spellcasting
 21023 | Spider:2 | Reached skill level 1 in Long Blades
 21023 | Spider:2 | Reached XP level 15. HP: 71/85 MP: 0/0
 21023 | Spider:2 | Learned a level 6 spell: Simulacrum
 21174 | Spider:2 | Killed a ghost moth
 21182 | Spider:2 | Noticed an emperor scorpion
 21190 | Spider:2 | Killed an emperor scorpion
 21191 | Spider:2 | Noticed Arachne
 21203 | Spider:2 | HP: 2/85 [Arachne/staff of poison (16)]
 21203 | Spider:2 | Mangled by a meliai

Illustrated notes

Levels and vault maps discovered:
D:1:      mrwooster_arrival_statue_3, layout_basic
D:2:      layout_basic, due_unseen_surprise
D:3:      layout_basic, serial_shops, nicolae_shop_hallway_stairs
D:4:      layout_cave_pools, minitemple, enter_ossuary_2
D:5:      layout_cave_pools, nicolae_overflow_crystal_walls,
          lemuel_doored_altar, kennysheep_okawaru_gauntlet,
          minmay_misc_feat_doors, nicolae_elevator_lobby_asterisk
D:6:      nicolae_cairo_tiling, layout_loops_ring,
          minmay_temple_entry_offerings, uniq_maggie
D:7:      layout_layer_cave, trog_hazing_becter,
          mainiacjoe_overflow_small_starburst, minmay_between, uniq_menkaure,
          uniq_pikel
D:8:      layout_loops_ring, erik_lair_island, serial_glass, glass_columns_a,
          glass_columns_a
D:9:      layout_basic
D:10:     layout_roguey, uniq_maurice
D:11:     minmay_the_grid_3x3 [minmay_the_grid_garden, minmay_the_grid_square_x,
          minmay_the_grid_outer_circle, minmay_the_grid_expand,
          minmay_the_grid_embedded, minmay_the_grid_tri_star,
          minmay_the_grid_slots, minmay_the_grid_paths,
          minmay_the_grid_prize_inner_circle], layout_basic, uniq_erolcha
D:12:     layout_cave_pods, david_orc_4, uniq_lodul, uniq_psyche, uniq_urug,
          uniq_rupert, uniq_josephine
D:13:     layout_stronghold, david_vaults_2, serial_glass, glass_columns_b,
          glass_columns_a, gammafunk_ghost_ooze
Lair:1:   layout_loops_ring, lemuel_fruit_fields, uniq_sonja
Lair:2:   layout_loops_ring, nicolae_spider_entry_non_spiders,
          grunt_megastairs_4, serial_bayou_shore_a
Spider:1: layout_chambers
Spider:2: layout_spider_delve, uniq_arachne

Skill      XL: |  1  2  3  4  5  6  7  8  9 10 11 12 13 14 |
---------------+-------------------------------------------+-----
Spellcasting   | 4 5 6 8 10 11 13 14 16 18 | 18.4
Dodging        | 3 4 5 6 |  6.3
Armour         | 2 4 6 7 |  7.2
Shields        | 1 2 |  2.9
Short Blades   | 1 |  1.1
Stealth        | 0 |  0.0
Long Blades    | 1 |  1.1

Action                   |  1- 3 |  4- 6 |  7- 9 | 10-12 | 13-15 || total
-------------------------+-------+-------+-------+-------+-------++-------
Melee: Unarmed           |     4 |       |       |       |       ||     4
       Club              |     6 |       |       |       |       ||     6
       Mace              |       |    20 |     7 |     1 |       ||    28
       Short sword       |       |       |       |     5 |       ||     5
       Great sword       |       |       |       |       |     7 ||     7
 Cast: Summon Small Mamm |    25 |     7 |    19 |    35 |    53 ||   139
       Call Imp          |     8 |    12 |    14 |    34 |    43 ||   111
       Magic Dart        |    16 |    49 |    29 |    11 |    40 ||   145
       Call Canine Famil |       |    11 |    17 |    40 |    46 ||   114
       Summon Lightning  |       |     5 |    12 |    34 |    57 ||   108
       Blink             |       |     2 |       |     1 |       ||     3
       Summon Guardian G |       |     1 |     3 |     8 |     5 ||    17
       Stone Arrow       |       |       |    21 |    85 |   103 ||   209
       Hailstorm         |       |       |       |    10 |    15 ||    25
       Irradiate         |       |       |       |       |    14 ||    14
       Simulacrum        |       |       |       |       |    12 ||    12
Invok: Sacrifice Resista |       |       |     1 |       |       ||     1
       Sacrifice Artific |       |       |     1 |       |       ||     1
       Draw Out Power    |       |       |       |     6 |     2 ||     8
       Apocalypse        |       |       |       |     1 |     2 ||     3
       Sacrifice Stealth |       |       |       |       |     1 ||     1
  Use: Scroll            |       |     7 |     4 |    13 |     5 ||    29
       Potion            |       |     2 |       |     2 |    10 ||    14
Armor: Robe              |     2 |     7 |     8 |       |       ||    17
       Swamp dragon scal |       |       |    12 |    11 |       ||    23
       Troll leather arm |       |       |       |     7 |    26 ||    33
       Chain mail        |       |       |       |     6 |       ||     6
       Skin              |       |       |       |       |     1 ||     1
Dodge: Dodged            |    13 |    37 |    43 |    40 |    61 ||   194
Block: Other             |       |       |       |    16 |     9 ||    25
       Reflection        |       |       |       |     1 |     1 ||     2
